 Dungeon Crawl Stone Soup version 0.29-a0-119-g4040846114 (webtiles) character file.

Game seed: 2679492372923730137

138 Cecur the Covered (level 5, -1/42 HPs)
             Began as a Formicid Fighter on Feb 20, 2022.
             Slain by a river rat (8 damage)
             ... in a sewer.
             The game lasted 00:02:48 (2791 turns).

Cecur the Covered (Formicid Fighter)                Turns: 2791, Time: 00:02:49

Health: -1/42      AC:  7    Str: 22    XL:     5   Next: 45%
Magic:  5/5        EV:  9    Int:  8    God:
Gold:   149        SH:  4    Dex: 10    Spells: 4/4 levels left

rFire   . . .      SeeInvis +   a - +0 trident
rCold   . . .      Faith    .   c - +0 buckler
rNeg    . . .      Spirit   .   b - +0 scale mail
rPois   .          Reflect  .   (helmet unavailable)
rElec   .          Harm     .   (no cloak)
rCorr   .          Rampage  .   (no gloves)
Will    .....                   (no boots)
Stlth   ..........              (no amulet)
HPRegen 0.14/turn               (no ring)
MPRegen 0.09/turn               (no ring)

@: no status effects
A: permanent stasis, dig shafts and tunnels, antennae 3, four strong arms
a: Dig


You were in a sewer.
You visited 1 branch of the dungeon, and saw 3 of its levels.
You also visited: Sewer.

You collected 149 gold pieces.

Inventory:

Hand Weapons
 a - a +0 trident (weapon)
Missiles
 g - 23 sling bullets
 m - 5 javelins
Armour
 b - a +0 scale mail (worn)
 c - a +0 buckler (worn)
Jewellery
 j - a ring of willpower
Scrolls
 e - a scroll of silence {unknown}
 f - a scroll of teleportation {unknown}
 h - 4 scrolls of identify {unknown}
 l - a scroll of noise {unknown}
Potions
 d - 4 potions of might
 i - a potion of lignification {unknown}
 k - 2 potions of curing {unknown}
 n - 2 potions of heal wounds {unknown}
 o - a potion of mutation {unknown}
 p - a potion of berserk rage {unknown}
 q - a potion of cancellation {unknown}


   Skills:
 + Level 4.0 Fighting
 + Level 3.5 Polearms
 + Level 4.3 Armour
 + Level 0.2 Dodging
 + Level 4.1 Shields


You had 4 spell levels left.
You didn't know any spells.
Your spell library contained the following spells:

 Spells                   Type           Power      Damage    Failure   Level
 Sandblast                Erth           0%         2d4       80%         1
 Passwall                 Tmut/Erth      0%         N/A       90%         2
 Stone Arrow              Conj/Erth      0%         3d7       99%         3


Dungeon Overview and Level Annotations

Branches:
Dungeon (3/15)              Sewer (1/1)

Altars:

Annotations:
D:3 3 runed translucent doors, Foxy's ghost, amateur MfGl


Innate Abilities, Weirdness & Mutations

You cannot be hasted, slowed, berserked, paralysed or teleported.
You can dig through walls and to a lower floor.
You have a pair of large antennae on your head. (SInv)
Your four strong arms can wield two-handed weapons with a shield.


Message History

There is an open door, spattered with blood here.
You are too injured to fight recklessly!
You are too injured to fight recklessly!
You are too injured to fight recklessly!
You are too injured to fight recklessly!
You are too injured to fight recklessly!
You are too injured to fight recklessly!
You are too injured to fight recklessly!
You are too injured to fight recklessly!
You are too injured to fight recklessly!
You are too injured to fight recklessly!
You are too injured to fight recklessly!
You are too injured to fight recklessly!
You are too injured to fight recklessly!
You are too injured to fight recklessly!
You are too injured to fight recklessly!
You are too injured to fight recklessly!
You are too injured to fight recklessly!
You hit the river rat but do no damage.
The river rat is almost dead.
You block the river rat's attack. The river rat bites you.
* * * LOW HITPOINT WARNING * * *
You hit the river rat.
The river rat is almost dead.
The river rat barely misses you.
You barely miss the river rat.
The river rat is almost dead.
You block the river rat's attack.
You hit the river rat but do no damage.
The river rat is almost dead.
The river rat bites you.
* * * LOW HITPOINT WARNING * * *
You barely miss the river rat.
The river rat is almost dead.
The river rat bites you.
* * * LOW HITPOINT WARNING * * *
You barely miss the river rat.
The river rat is almost dead.
The river rat bites you!
You die...

###≈≈≈###
#≈≈.≈≈≈.#
##..≈..≈.##
#≈≈.###...#
##.≈##≈##..##
#.÷≈#≈≈.#≈..#
#≈.##!.≈##.≈#
#..#$?≈≈≈#††#
#∩∩#∩?≈≈≈@≈≈#
#.≈#!?≈≈≈#r≈#
#≈≈##!.≈##≈.#
#≈≈≈#... ≈≈.#
##.≈##≈ #..##
#≈≈≈## .≈.#
##≈.≈ .≈≈##
≈..≈.≈. ..##


You could see a river rat.

Vanquished Creatures
  A hell rat (Sewer)
  An adder (D:2)
  4 river rats (Sewer)
  5 dart slugs
  5 bats
  6 endoplasms
  6 giant cockroaches
  9 goblins
  A hobgoblin (D:2)
  3 kobolds
  5 quokkas
  A ball python (D:1)
  4 frilled lizards
  8 rats
59 creatures vanquished.

Notes
Turn   | Place    | Note
-------+----------+-------------------------------------------
     0 | D:1      | Cecur the Formicid Fighter began the quest for the Orb.
     0 | D:1      | Reached XP level 1. HP: 18/18 MP: 1/1
   112 | D:1      | Reached XP level 2. HP: 24/24 MP: 2/2
   399 | D:1      | Reached XP level 3. HP: 22/30 MP: 3/3
  1081 | D:2      | Reached XP level 4. HP: 29/37 MP: 4/4
  1749 | D:3      | Found a runed translucent gate.
  1750 | D:3      | Found a runed translucent gate.
  1751 | D:3      | Found a runed translucent gate.
  1753 | D:3      | Noticed Foxy's ghost (amateur MfGl)
  1994 | D:3      | Found a faded altar of an unknown god.
  2261 | D:3      | Found a glowing drain.
  2281 | Sewer    | Entered a sewer
  2538 | Sewer    | Reached XP level 5. HP: 32/42 MP: 5/5
  2791 | Sewer    | Slain by a river rat

Illustrated notes

Levels and vault maps discovered:
D:1:      heliophobic_arrival_henge, layout_basic,
          chequers_serial_rivers_small_b
D:2:      layout_rooms
D:3:      layout_loops_cross, ebering_ghost_rock_garden, portal_sewer_entry_f,
          hellmonk_ecumenical_altar_leap_of_faith
Sewer:    sewer_hellmonk_bad_rat

Skill      XL: |  1  2  3  4 |
---------------+-------------+-----
Shields        | 4 |  4.1
Fighting       | 4 |  4.0
Polearms       | 3 |  3.5
Armour         | 4 |  4.3
Dodging        | |  0.2

Action                   |  1- 3 |  4- 6 || total
-------------------------+-------+-------++-------
Melee: Trident           |    72 |   147 ||   219
Armor: Scale mail        |    19 |    48 ||    67
Dodge: Dodged            |    24 |    79 ||   103
Block: Buckler           |    10 |    36 ||    46

Table legend: (Time is in decaauts)
 A = Elapsed time spent in this place.
 B = Non-inter-level travel time spent in this place.
 C = Inter-level travel time spent in this place.
 D = Time resting spent in this place.
 E = Time spent auto-exploring this place.
 F = Levels seen in this place.
 G = Mean time per level.
                   A        B        C        D        E       F      G
               +--------+--------+--------+--------+--------+-----+--------+
         Total |   2841 |   2841 |      0 |      0 |   2291 |   4 |  710.2 |
       Dungeon |   2312 |   2312 |      0 |      0 |   1874 |   3 |  770.7 |
         Sewer |    529 |    529 |      0 |      0 |    417 |   1 |  529.0 |
               +--------+--------+--------+--------+--------+-----+--------+

Top non-repeatable levels by time:
     D:1: 944 daAuts
     D:2: 805 daAuts
     D:3: 561 daAuts
   Sewer: 529 daAuts
